 Dungeon Crawl Stone Soup version 0.27-a0-773-gaaee5cf45b (webtiles) character file.

Game seed: 13641621648415367801

13512 pokeman the Eclecticist (level 11, -2/60 HPs)
             Began as a Deep Elf Hedge Wizard on Mar 25, 2021.
             Was a Priest of Vehumet.
             Slain by a cyclops (19 damage)
             ... on level 12 of the Dungeon.
             The game lasted 00:47:42 (16252 turns).

pokeman the Eclecticist (Deep Elf Hedge Wizard)    Turns: 16252, Time: 00:47:42

Health: -2/60      AC: 10    Str: 13    XL:     11   Next: 76%
Magic:  23/32      EV: 13    Int: 23    God:    Vehumet [***...]
Gold:   561        SH:  0    Dex: 20    Spells: 28/40 levels left

rFire    . . .     SeeInvis .   C - +2 short sword (venom)
rCold    . . .     Faith    .   (no shield)
rNeg     . . .     Spirit   .   I - +0 troll leather armour
rPois    .         Reflect  .   q - +1 helmet
rElec    .         Harm     .   j - +2 cloak
rCorr    .         Rampage  .   (no gloves)
Will     +....                  (no boots)
Stlth    ++........             (no amulet)
HPRegen  1.20/turn              a - +6 ring of strength
MPRegen  0.23/turn              t - +6 ring of dexterity

@: no status effects
A: no striking features
a: Renounce Religion


You were on level 12 of the Dungeon.
You worshipped Vehumet.
Vehumet was most pleased with you.
You visited 2 branches of the dungeon, and saw 13 of its levels.

You collected 723 gold pieces.
You spent 162 gold pieces at shops.

Inventory:

Hand Weapons
 k - a +3 quarterstaff of chaos
 s - a +0 hand crossbow
 z - a +0 shortbow of freezing
 C - a +2 short sword of venom (weapon)
Missiles
 f - 175 arrows
 h - 56 bolts
 H - a curare-tipped dart
Armour
 b - a +0 kite shield
 j - a +2 cloak (worn)
 q - a +1 helmet (worn)
 I - a +0 troll leather armour (worn)
Magical Staves
 S - a staff of poison
Jewellery
 a - a +6 ring of strength (right hand)
 t - a +6 ring of dexterity (left hand)
 M - a ring of flight
Wands
 B - a wand of polymorph (11)
 N - a wand of flame (15)
 P - a wand of acid (5)
 R - a wand of digging (4)
Scrolls
 d - 3 scrolls of enchant armour {unknown}
 e - a scroll of holy word {unknown}
 m - 4 scrolls of immolation {unknown}
 n - 2 scrolls of teleportation {unknown}
 o - 6 scrolls of identify {unknown}
 p - a scroll of summoning {unknown}
 u - a scroll of noise {unknown}
 y - 2 scrolls of enchant weapon {unknown}
 F - 2 scrolls of blinking
 G - a scroll of fog
 J - a scroll of brand weapon {unknown}
 O - a scroll of amnesia {unknown}
 T - 2 scrolls of magic mapping {unknown}
Potions
 c - 5 potions of flight
 g - 2 potions of ambrosia {unknown}
 i - a potion of brilliance
 l - 2 potions of lignification {unknown}
 r - 2 potions of attraction {unknown}
 v - a potion of haste {unknown}
 w - a potion of berserk rage {unknown}
 x - 2 potions of invisibility {unknown}
 A - a potion of magic {unknown}
 D - a potion of heal wounds {unknown}
 E - 3 potions of might {unknown}
 L - a potion of cancellation {unknown}
 Q - 2 potions of curing {unknown}
Miscellaneous
 K - a phial of floods (inert)


   Skills:
 + Level 3.3 Fighting
 - Level 4.0 Armour
 - Level 3.1 Dodging
 - Level 3.0 Stealth
 - Level 4.0 Shields
 * Level 15.4 Spellcasting
 + Level 9.4 Conjurations
 - Level 1.1 Summonings
 - Level 1.1 Translocations
 + Level 8.6 Fire Magic
 - Level 2.0 Air Magic
 - Level 2.0 Poison Magic


You had 28 spell levels left.
You knew the following spells:

 Your Spells              Type           Power      Damage    Failure   Level
a - Magic Dart            Conj           100%       1d8       1%          1
b - Mephitic Cloud        Conj/Pois/Air  38%        N/A       1%          3
c - Call Imp              Summ           22%        N/A       3%          2
d - Blink                 Tloc           N/A        N/A       3%          2
e - Conjure Flame         Conj/Fire      56%        6-21      1%          3
f - Foxfire               Conj/Fire      100%       2x1d9     1%          1

Your spell library contained the following spells:

 Spells                   Type           Power      Damage    Failure   Level
 Frozen Ramparts          Ice            34%        1d5       3%          3
 Beastly Appendage        Tmut           34%        N/A       4%          1
 Slow                     Hex            17%        N/A       6%          2
 Wereblood                Tmut           17%        N/A       6%          2
 Spider Form              Tmut/Pois      11%        N/A       8%          3
 Ice Form                 Ice/Tmut       17%        N/A       36%         4
 Blade Hands              Tmut           8%         N/A       73%         5


Dungeon Overview and Level Annotations

Branches:
Dungeon (12/15)            Temple (1/1) D:6            Lair (0/6) D:11
    Orc (0/2) D:9

Altars:
Ashenzari
Cheibriados
Dithmenos
Elyvilon
Fedhas
Hepliaklqana
Kikubaaqudgha
Makhleb
Nemelex Xobeh
Okawaru
Qazlal
Ru
Sif Muna
Trog
Uskayaw
Vehumet
Wu Jian
Xom
Yredelemnul
Zin
The Shining One

Shops:
D:8 *   D:10 (

Portals:
Trove: D:10 (give +3 storm dragon scales)

Annotations:
D:11 1 runed translucent door, rageheart7's ghost, novice DrGl


Message History

Confirm with . or Enter, or press ? or * to list all spells.
Aiming: Mephitic Cloud (safe; 1% risk of failure)
Press: ? - help, Shift-Dir - straight line, f - cyclops
Aim: a cyclops, quivering large rocks (chance to affect: 58%)
The ball explodes into a vile cloud!
The stinking cloud engulfs the cyclops but does no damage.
The cyclops is engulfed in noxious fumes.
The cyclops throws a large rock.
The large rock hits you!!!
Ouch! That really hurt!
* * * LOW HITPOINT WARNING * * *
Unknown command.
Casting: Mephitic Cloud (safe; 1% risk of failure)
Confirm with . or Enter, or press ? or * to list all spells.
A beastly little devil appears in a puff of flame.
Casting: Call Imp (safe; 3% risk of failure)
Confirm with . or Enter, or press ? or * to list all spells.
A beastly little devil appears in a puff of frigid air.
The cyclops is engulfed in noxious fumes.
Your crimson imp blinks!
Casting: Call Imp (safe; 3% risk of failure)
Confirm with . or Enter, or press ? or * to list all spells.
Aiming: Mephitic Cloud (safe; 1% risk of failure)
Press: ? - help, Shift-Dir - straight line, f/p - cyclops
Aim: a cyclops, quivering large rocks (lightly wounded, ally target, chance to affect: 58%)
The ball explodes into a vile cloud!
The stinking cloud engulfs the cyclops but does no damage.
The cyclops is lightly wounded.
The stinking cloud engulfs your crimson imp but does no damage.
Your crimson imp blinks!
The cyclops is engulfed in noxious fumes.
Unknown command.
Unknown command.
You hit the cyclops.
The cyclops is poisoned.
The cyclops is lightly wounded.
Unknown command.
You hit the cyclops.
The cyclops looks as sick as possible!
The cyclops is lightly wounded.
The cyclops is engulfed in noxious fumes.
The cyclops appears confused.
The cyclops hits you!!
You die...

### .. ####.##
#.....#########
#....$+.5@C°°°#
#.....######○####
#....C........#<#
#........###.##.#.#
#............##.#.#
#...###########.#.#
#.# #....# #
#..######## ..#
#.........#


You could see a cyclops (confused, extremely poisoned, ally target) and a
friendly white imp (summoned).

Vanquished Creatures
  Harold (D:8)
  A vault guard (D:10)
  A two-headed ogre (D:8)
  A necromancer (D:11)
  Pikel (D:7)
  A manticore (D:11)
  A moth of wrath (D:4)
  The ghost of foci the Chopper, a novice GrFi (D:6)
  6 trolls
  A hornet (D:10)
  Grinder (D:3)
  A meliai zombie (D:10)
  15 yaks
  2 wraiths
  2 wyverns (D:8)
  3 vampire mosquitoes (D:11)
  2 steam dragons
  The ghost of fearitself the Magician, an amateur DjSu (D:3)
  Duvessa (D:7)
  A sky beast (D:6)
  An ice beast (D:6)
  2 orc warriors
  An ogre (D:5)
  4 centaurs
  3 lemures
  A phantom (D:7)
  2 kobold brigands
  5 bullfrogs
  Dowan (D:7)
  2 water moccasin zombies
  11 scorpions
  16 wights
  5 howler monkeys
  5 centaur zombies
  A hound (D:5)
  Crazy Yiuf (D:2)
  4 orc priests
  2 jellies
  2 bullfrog skeletons (D:5)
  A gnoll shaman (D:8)
  An iguana (D:7)
  9 orc wizards
  A polar bear simulacrum (D:11)
  2 yak simulacra (D:11)
  5 wolf simulacra (D:11)
  A howler monkey zombie (D:9)
  9 gnolls
  9 adders
  A howler monkey skeleton (D:5)
  A shadow imp (D:6)
  2 white imps
  An adder skeleton (D:4)
  2 worms
  2 dart slugs
  28 orcs
  2 ball pythons
  2 endoplasms
  3 giant cockroaches
  6 goblins
  8 hobgoblins
  4 jackals (D:4)
  14 kobolds
  2 quokkas
  2 bats
  6 rats
  3 river rat simulacra (D:11)
  2 butterflies (D:8)
242 creatures vanquished.

Vanquished Creatures (collateral kills)
  A vampire mosquito (D:11)
  The ghost of HendSelp the Magician, an amateur DjWr (D:3)
  A wight (D:3)
  A bullfrog zombie (D:6)
  An orc wizard (D:6)
  A worm (D:4)
6 creatures vanquished.

Vanquished Creatures (others)
  A killer bee (D:8)
  310 foxfires
  5 withered plants (D:3)
316 creatures vanquished.

Grand Total: 564 creatures vanquished

Notes
Turn   | Place    | Note
-------+----------+-------------------------------------------
     0 | D:1      | pokeman the Deep Elf Hedge Wizard began the quest for the
                  | Orb.
     0 | D:1      | Reached XP level 1. HP: 10/10 MP: 7/7
  1080 | D:2      | Reached XP level 2. HP: 16/16 MP: 5/9
  1388 | D:2      | Reached skill level 5 in Spellcasting
  1611 | D:2      | Found a runed translucent door.
  1612 | D:2      | Noticed Crazy Yiuf
  1730 | D:2      | Reached XP level 3. HP: 20/20 MP: 7/11
  1734 | D:2      | Learned a level 3 spell: Mephitic Cloud
  1747 | D:2      | Learned a level 2 spell: Call Imp
  1750 | D:2      | Learned a level 2 spell: Blink
  1754 | D:2      | Learned a level 3 spell: Conjure Flame
  2257 | D:2      | Killed Crazy Yiuf
  2258 | D:2      | Reached skill level 1 in Fighting
  2258 | D:2      | Reached skill level 1 in Armour
  2476 | D:3      | Reached XP level 4. HP: 25/25 MP: 8/13
  2659 | D:3      | Reached skill level 6 in Spellcasting
  2838 | D:3      | Reached skill level 1 in Shields
  2838 | D:3      | Reached XP level 5. HP: 29/29 MP: 1/15
  3035 | D:3      | Reached skill level 1 in Fire Magic
  3146 | D:3      | Noticed Grinder
  3179 | D:3      | Reached XP level 6. HP: 34/34 MP: 1/17
  3327 | D:3      | Killed Grinder
  3328 | D:3      | Reached skill level 7 in Spellcasting
  3328 | D:3      | Reached skill level 1 in Air Magic
  3328 | D:3      | Reached skill level 1 in Poison Magic
  3742 | D:3      | Found a runed translucent gate.
  3742 | D:3      | Found a runed translucent gate.
  3742 | D:3      | Found a runed translucent gate.
  3743 | D:3      | Noticed HendSelp's ghost (amateur DjWr)
  3744 | D:3      | Noticed fearitself's ghost (amateur DjSu)
  4042 | D:3      | Reached XP level 7. HP: 38/38 MP: 14/20
  4108 | D:4      | Noticed a moth of wrath
  4111 | D:4      | Found a bloodstained altar of Trog.
  5079 | D:4      | Found an ornate altar of the Wu Jian Council.
  5079 | D:4      | Found a glowing golden altar of the Shining One.
  5160 | D:4      | Found a burning altar of Makhleb.
  5251 | D:4      | Found an ancient bone altar of Kikubaaqudgha.
  5566 | D:5      | Entered Level 5 of the Dungeon
  5705 | D:5      | Reached skill level 8 in Spellcasting
  6609 | D:5      | You fall into a shaft and drop 2 floors!
  6610 | D:7      | Noticed Pikel
  6652 | D:6      | Reached XP level 8. HP: 25/44 MP: 18/22
  6822 | D:6      | Reached skill level 9 in Spellcasting
  6921 | D:6      | Found a hazy altar of Hepliaklqana.
  6978 | D:6      | Reached skill level 5 in Conjurations
  7279 | D:6      | Found a runed translucent gate.
  7279 | D:6      | Found a runed translucent gate.
  7279 | D:6      | Found a runed translucent gate.
  7279 | D:6      | Noticed foci's ghost (novice GrFi)
  7281 | D:6      | Found a basalt altar of Yredelemnul.
  7432 | D:6      | Found a glowing silver altar of Zin.
  7483 | D:6      | Reached skill level 10 in Spellcasting
  7814 | D:6      | Found a staircase to the Ecumenical Temple.
  7830 | Temple   | Entered the Ecumenical Temple
  7862 | Temple   | Became a worshipper of Vehumet
  8373 | D:7      | Reached XP level 9. HP: 32/48 MP: 18/25
  8505 | D:7      | Noticed Dowan
  8510 | D:7      | Noticed Duvessa
  8800 | D:7      | Found a hide-covered altar of Uskayaw.
  8880 | D:7      | Killed Duvessa
  8889 | D:7      | Killed Dowan
  8893 | D:7      | Killed Pikel
  8894 | D:7      | Reached skill level 11 in Spellcasting
  9686 | D:8      | Reached * piety under Vehumet
  9686 | D:8      | Offered knowledge of Sandblast by Vehumet.
  9687 | D:8      | Reached skill level 5 in Fire Magic
  9923 | D:8      | Noticed a two-headed ogre
  9950 | D:8      | Killed a two-headed ogre
  9951 | D:8      | Reached skill level 12 in Spellcasting
 10036 | D:8      | Found a runed translucent door.
 10038 | D:8      | Found a runed translucent door.
 10291 | D:8      | Found Ynof's Island Escapes.
 10531 | D:8      | Reached XP level 10. HP: 53/53 MP: 25/28
 10661 | D:8      | Noticed Harold
 10733 | D:8      | Killed Harold
 11033 | D:8      | Reached skill level 13 in Spellcasting
 11151 | D:8      | Bought a scroll of blinking for 97 gold pieces
 11151 | D:8      | Bought a scroll of fog for 26 gold pieces
 11151 | D:8      | Bought a potion of flight for 39 gold pieces
 11219 | D:9      | Offered knowledge of Foxfire by Vehumet.
 11240 | D:8      | Learned a level 1 spell: Foxfire
 11509 | D:9      | Reached ** piety under Vehumet
 11609 | D:9      | Found a stormy altar of Qazlal.
 11630 | D:9      | Found a stormy altar of Qazlal.
 12250 | D:9      | Offered knowledge of Frozen Ramparts by Vehumet.
 12541 | D:9      | Found a staircase to the Orcish Mines.
 12597 | D:10     | Entered Level 10 of the Dungeon
 12874 | D:10     | Found Uzxarean's Antique Weapon Emporium.
 12906 | D:10     | Reached skill level 14 in Spellcasting
 13015 | D:10     | Reached XP level 11. HP: 60/60 MP: 28/31
 13340 | D:10     | Noticed a vault guard
 13345 | D:10     | Killed a vault guard
 13388 | D:10     | Found a portal to a secret trove of treasure.
 13986 | D:11     | Reached *** piety under Vehumet
 14165 | D:11     | Found a runed translucent door.
 14165 | D:11     | Noticed rageheart7's ghost (novice DrGl)
 14292 | D:11     | Found a staircase to the Lair.
 14413 | D:11     | Noticed a necromancer
 14431 | D:11     | Killed a necromancer
 14432 | D:11     | Reached skill level 15 in Spellcasting
 15716 | D:3      | Killed fearitself's ghost
 15722 | D:3      | Killed HendSelp's ghost
 15944 | D:6      | Killed foci's ghost
 16135 | D:12     | Noticed a four-headed hydra
 16252 | D:12     | Slain by a cyclops

Illustrated notes

Levels and vault maps discovered:
D:1:      lightli_arrival_isolated_outpost, layout_basic, serial_forest,
          infiniplex_forest_straight_3, infiniplex_forest_clump_tiny,
          infiniplex_forest_lined_4_way, infiniplex_forest_clump_long,
          infiniplex_forest_pool, infiniplex_forest_clump_double,
          infiniplex_forest_end_3, hangedman_decor_lopped
D:2:      cheibrodos_helix_gallery, layout_rooms, uniq_crazy_yiuf_cottage
D:3:      layout_basic, gammafunk_ghost_cemetery, uniq_grinder
D:4:      layout_loops_ring, bloody_makhleb, lemuel_zombie_altar_kikubaaqudgha,
          tgw_trog, gammafunk_temple_overflow_elements
D:5:      layout_gridville
D:6:      layout_basic, zin_statuary, nicolae_yredelemnul_ghost_church,
          lemuel_doored_altar, minmay_temple_entry_offerings,
          minmay_misc_feat_secret_circle
D:7:      layout_rooms, general_overflow_altar, serial_aquarium,
          aquarium_bridge_square [aquarium_subvault_balcony,
          aquarium_subvault_bridge, aquarium_subvault_bridge,
          aquarium_subvault_wall], aquarium_bridge_island_small
          [aquarium_subvault_small_water, aquarium_subvault_window,
          aquarium_subvault_wall, aquarium_subvault_bridge,
          aquarium_subvault_window], aquarium_window_fake, aquarium_window_1,
          aquarium_view_4, aquarium_balcony_3a, aquarium_pool_side,
          uniq_duvessa, uniq_pikel
D:8:      lemuel_insect_pit, layout_rooms, nicolae_island_escapes, uniq_harold
D:9:      layout_cave_pools, lemuel_crystal_altar, orc_0_dummy,
          minmay_misc_feat_four_crosses, chequers_garden,
          nicolae_qazlal_general_emergency
D:10:     layout_loops_corners, enter_trove_5, serial_shops,
          nicolae_shop_behind_doors, minivault_19
D:11:     layout_layer_cave, lair_entry_dummy, hellmonk_ghost_happy_afterlife,
          eino_house_with_fridge
D:12:     layout_basic
Temple:   minmay_temple_bridge_abc

Skill      XL: |  1  2  3  4  5  6  7  8  9 10 11 |
---------------+----------------------------------+-----
Spellcasting   | 5 6 7 8 10 12 14 15 | 15.4
Fighting       | 1 2 3 |  3.3
Armour         | 1 2 4 |  4.0
Conjurations   | 2 3 4 5 7 8 9 |  9.4
Dodging        | 3 |  3.1
Shields        | 1 3 4 |  4.0
Fire Magic     | 1 2 4 5 7 8 |  8.6
Stealth        | 3 |  3.0
Air Magic      | 1 2 |  2.0
Poison Magic   | 1 2 |  2.0
Summonings     | |  1.1
Translocations | |  1.1

Action                   |  1- 3 |  4- 6 |  7- 9 | 10-12 || total
-------------------------+-------+-------+-------+-------++-------
Melee: Dagger            |     7 |       |    43 |       ||    50
       Quarterstaff      |     3 |     8 |    19 |       ||    30
       Short sword       |       |       |   101 |   108 ||   209
 Fire: Hand crossbow     |       |       |     9 |     5 ||    14
       Shortbow          |       |       |       |    42 ||    42
 Cast: Magic Dart        |    60 |   104 |   182 |    30 ||   376
       Call Imp          |     8 |     2 |     9 |    24 ||    43
       Conjure Flame     |     1 |     4 |    23 |    45 ||    73
       Mephitic Cloud    |     1 |     2 |    36 |    26 ||    65
       Blink             |       |       |     1 |     7 ||     8
       Foxfire           |       |       |       |   169 ||   169
Evoke: Wand              |       |       |       |     3 ||     3
       Phial of floods   |       |       |       |     1 ||     1
  Use: Potion            |       |       |       |     1 ||     1
 Stab: Confused          |     1 |       |    22 |     6 ||    29
       Paralysed         |       |     1 |       |       ||     1
Armor: Robe              |     1 |       |       |       ||     1
       Leather armour    |     3 |     6 |    77 |    21 ||   107
       Troll leather arm |       |       |       |    18 ||    18
Dodge: Dodged            |     9 |    10 |   125 |   110 ||   254

Table legend: (Time is in decaauts)
 A = Elapsed time spent in this place.
 B = Non-inter-level travel time spent in this place.
 C = Inter-level travel time spent in this place.
 D = Time resting spent in this place.
 E = Time spent auto-exploring this place.
 F = Levels seen in this place.
 G = Mean time per level.
                   A        B        C        D        E       F      G
               +--------+--------+--------+--------+--------+-----+--------+
         Total |  16325 |  15452 |    873 |   1307 |  11533 |  13 | 1255.8 |
       Dungeon |  16270 |  15419 |    851 |   1307 |  11511 |  12 | 1355.8 |
        Temple |     55 |     33 |     22 |      0 |     22 |   1 |   55.0 |
               +--------+--------+--------+--------+--------+-----+--------+

Top non-repeatable levels by time:
     D:8: 2001 daAuts
    D:11: 1881 daAuts
     D:6: 1876 daAuts
     D:3: 1739 daAuts
     D:4: 1694 daAuts
     D:2: 1453 daAuts
     D:5: 1180 daAuts
     D:9: 1167 daAuts
    D:10: 1096 daAuts
     D:7: 1084 daAuts
     D:1: 1004 daAuts
    D:12: 89 daAuts
  Temple: 55 daAuts
